 Dungeon Crawl Stone Soup version 0.19-a0-1895-g783e625 (webtiles) character file.

157 Lochraine the Gusty (level 5, -8/38 HPs)
             Began as a Draconian Air Elementalist on Oct 18, 2016.
             Killed by divine providence
             ... invoked by an orc priest
              (12 damage)
             ... on level 3 of the Dungeon.
             The game lasted 00:12:31 (2025 turns).

Lochraine the Gusty (Draconian Air Elementalist)    Turns: 2025, Time: 00:12:33

Health: -8/38      AC:  5    Str:  7 (10) XL:     5   Next: 15%
Magic:  7/8        EV: 12    Int: 15 (17) God:
Gold:   102        SH:  0    Dex:  9 (11) Spells: 4 memorised, 1 level left

rFire  . . .     SeeInvis .     g - +0 mace
rCold  . . .     Gourm    .     (armour unavailable)
rNeg   . . .     Faith    .     (no shield)
rPois  +         Spirit   .     (helmet restricted)
rElec  .         Reflect  .     (no cloak)
rCorr  .         Harm     .     (no gloves)
MR     .....                    (no boots)
Stlth  ++........               s - amulet of magic regeneration
                                (no ring)
                                l - ring of poison resistance

@: flying
A: unfitting armour, cold-blooded, AC +5
a: no special abilities


You were on level 3 of the Dungeon.
You were not hungry.

You visited 1 branch of the dungeon, and saw 3 of its levels.

You collected 102 gold pieces.

Inventory:

Hand Weapons
 c - a +0 club
 g - a +0 mace (weapon)
Jewellery
 l - a ring of poison resistance (left hand)
 s - an amulet of magic regeneration (around neck)
Scrolls
 d - 2 scrolls of identify {unknown}
 f - a scroll of remove curse
 j - a scroll of teleportation {unknown}
 k - a scroll of recharging
 n - a scroll of fog {unknown}
 o - a scroll of amnesia {unknown}
 u - a scroll of blinking {unknown}
Potions
 m - a potion of brilliance {unknown}
 r - a potion of might {unknown}
 t - a potion of magic {unknown}
Books
 a - a book of Air

   Spells                             Type                      Level
   a - Shock                          Conjuration/Air              1
   b - Swiftness                      Charms/Air                   2
   c - Repel Missiles                 Charms/Air                   2
   d - Static Discharge               Conjuration/Air              3
   e - Lightning Bolt                 Conjuration/Air              5
 q - a book of Minor Magic

   Spells                             Type                      Level
   a - Magic Dart                     Conjuration                  1
   b - Blink                          Translocation                2
   c - Call Imp                       Summoning                    2
   d - Repel Missiles                 Charms/Air                   2
   e - Slow                           Hexes                        2
   f - Conjure Flame                  Conjuration/Fire             3
   g - Mephitic Cloud                 Conjuration/Poison/Air       3
Comestibles
 b - 2 bread rations
 h - a meat ration
 p - 3 chunks of flesh


   Skills:
 - Level 1.7 Dodging
 - Level 1.7 Stealth
 - Level 2.0 Spellcasting
 - Level 3.3 Conjurations
 + Level 1.4 Translocations
 - Level 4.5 Air Magic


You had one spell level left.
You knew the following spells:

 Your Spells              Type           Power        Failure   Level  Hunger
a - Shock                 Conj/Air       ##..         6%          1    #......
b - Swiftness             Chrm/Air       #.......     14%         2    ###....
c - Repel Missiles        Chrm/Air       #.....       14%         2    ###....
d - Blink                 Tloc           N/A          21%         2    ###....


Dungeon Overview and Level Annotations

Branches:
Dungeon (3/15)

Altars:
Xom
Yredelemnul


Innate Abilities, Weirdness & Mutations

Your plain brown scales are hard. (AC +5)
You cannot fit into any form of body armour.
You are cold-blooded and may be slowed by cold attacks.


Message History

Beogh smites you!
* * * LOW HITPOINT WARNING * * *
The giant cockroach barely misses you.
Okay, then.
Okay, then.
It was a potion of degeneration.
There was something very wrong with that liquid.
You feel weakened.
You feel dopey.
You feel clumsy.
The orc wizard gestures wildly while chanting.
The orc wizard flickers and vanishes!
Deactivating autopickup; reactivate with Ctrl-A.
The giant cockroach misses you.
An orc comes into view. It is wielding a short sword.
It was a potion of flight.
You feel very buoyant.
You fly up into the air.
The orc shouts!
The orc priest invokes the aid of Beogh against you.
Beogh smites you!
You die...

# ##.# ## ##.. .#.##...
.#...##......_.
.......####... ###.#.. .#
##.# ##.....# .# #.# .
###...##.##.# #.. ...
#......)....# #.#
.....##s@.[......### #.#
.....o..(....#.....# #..
..........####.^^..# #..
##{......## #.^_^.####..
#o...#..## #.^^^.......
....>...######.....####..
#....##....^.##..### #..
....# ### #.##.## #..
.... #.##.# #..


You could see an orc priest, an orc and a giant cockroach.

Vanquished Creatures
  Ijyb (D:3)
  6 adders
  A gnoll (D:1)
  2 worms
  4 dart slugs
  2 leopard geckos
  4 orcs (D:3)
  A giant cockroach (D:1)
  6 goblins
  3 hobgoblins
  2 jackals (D:2)
  A quokka (D:2)
  9 bats
  2 frilled lizards (D:3)
  6 kobolds
  5 rats
55 creatures vanquished.

Notes
Turn   | Place    | Note
-------+----------+-------------------------------------------
     0 | D:1      | Lochraine the Draconian Air Elementalist began the quest for the Orb.
     0 | D:1      | Reached XP level 1. HP: 14/14 MP: 3/3
    87 | D:1      | Reached XP level 2. HP: 17/20 MP: 1/5
   202 | D:1      | Learned a level 2 spell: Swiftness
   593 | D:1      | Reached XP level 3. HP: 26/26 MP: 6/6
   877 | D:1      | Reached skill level 4 in Air Magic
  1076 | D:1      | Learned a level 2 spell: Repel Missiles
  1561 | D:3      | Reached XP level 4. HP: 31/33 MP: 4/7
  1625 | D:3      | Found a basalt altar of Yredelemnul.
  1841 | D:3      | Learned a level 2 spell: Blink
  1867 | D:3      | Noticed Ijyb
  1899 | D:3      | Killed Ijyb
  1899 | D:3      | Reached skill level 1 in Translocations
  1899 | D:3      | Reached XP level 5. HP: 30/38 MP: 0/8
  1989 | D:3      | Found a shimmering altar of Xom.
  2025 | D:3      | Killed from afar by an orc priest

Vault maps used:
D:1:      dpeg_arrival_rooms_b
D:3:      xom_teletrap_fun, nicolae_overflow_crystal_walls, uniq_iyjb

Skill      XL: |  1  2  3  4 |
---------------+-------------+-----
Conjurations   | 2 3 |  3.3
Air Magic      | 4 |  4.5
Translocations | 1 |  1.4
Dodging        | |  1.7
Stealth        | |  1.7
Spellcasting   | |  2.0

Action                   |  1- 3 |  4- 6 || total
-------------------------+-------+-------++-------
Melee: Unarmed           |    23 |       ||    23
       Tailslap          |     6 |     2 ||     8
       Club              |    32 |       ||    32
       Mace              |    89 |    28 ||   117
 Cast: Shock             |    32 |    37 ||    69
       Swiftness         |       |     1 ||     1
  Use: Potion            |     1 |     2 ||     3
       Scroll            |     2 |       ||     2
 Stab: Sleeping          |     3 |     1 ||     4
  Eat: Chunk             |     3 |     2 ||     5
Armor: Skin              |    92 |     9 ||   101
Dodge: Dodged            |   182 |    33 ||   215
